 Seeded DCSS version 0.29.1-15-g9cfb28693d (webtiles) character file.

Game seed: 10389257799748471964 (custom seed)

922 Psyclone the Thaumaturge (level 7, 36/36 HPs)
             Began as a Deep Elf Ice Elementalist on Sept 27, 2023.
             Was an Initiate of Ashenzari.
             Quit the game on level 3 of the Dungeon.
             The game lasted 00:12:40 (4948 turns).

Psyclone the Thaumaturge (DEIE)                     Turns: 4948, Time: 00:12:40

Health: 36/36      AC:  4    Str:  5    XL:     7   Next: 84%
Magic:  22/22      EV: 12    Int: 22    God:    Ashenzari [......]
Gold:   138        SH:  0    Dex: 15    Spells: 5/25 levels left

rFire   . . .      SeeInvis .   c - staff of cold
rCold   + . .      Faith    .   (no shield)
rNeg    . . .      Spirit   .   a - +0 robe
rPois   .          Reflect  .   (no helmet)
rElec   .          Harm     .   (no cloak)
rCorr   +          Rampage  .   k - +1 pair of gloves
Will    +....                   (no boots)
Stlth   ++........              (no amulet)
HPRegen 0.12/turn               m - ring of resist corrosion
MPRegen 0.18/turn               v - ring of willpower

@: no status effects
A: no striking features
a: Renounce Religion


You were on level 3 of the Dungeon.
You worshipped Ashenzari.
Ashenzari was noncommittal.
You visited 2 branches of the dungeon, and saw 7 of its levels.
You also visited: Sewer.

You collected 138 gold pieces.

Inventory:

Armour
 a - a +0 robe (worn)
 k - a +1 pair of gloves (worn)
Magical Staves
 c - a staff of cold (weapon)
Jewellery
 m - a ring of resist corrosion (left hand)
 v - a ring of willpower (right hand)
Scrolls
 d - 2 scrolls of amnesia {unknown}
 e - 2 scrolls of enchant armour {unknown}
 f - 2 scrolls of identify {unknown}
 g - a scroll of butterflies {unknown}
 j - a scroll of teleportation {unknown}
 l - a scroll of summoning {unknown}
 n - 2 scrolls of magic mapping {unknown}
 o - 2 scrolls of poison {unknown}
 s - a scroll of brand weapon {unknown}
Potions
 b - a potion of magic
 h - 6 potions of haste {unknown}
 i - a potion of attraction {unknown}
 p - 2 potions of cancellation {unknown}
 q - 2 potions of heal wounds {unknown}
 r - a potion of might {unknown}
 t - a potion of resistance {unknown}
 u - a potion of ambrosia {unknown}
 w - a potion of lignification {unknown}
 x - a potion of invisibility {unknown}


   Skills:
 - Level 2.4 Dodging
 - Level 2.4 Stealth
 - Level 9.9 Spellcasting
 - Level 7.8 Conjurations
 - Level 8.0 Ice Magic
 + Level 7.9 Air Magic


You had 5 spell levels left.
You knew the following spells:

 Your Spells              Type           Power      Damage    Failure   Level
a - Freeze                Ice            100%       1d11      1%          1
b - Frozen Ramparts       Ice            100%       1d16      1%          3
c - Ozocubu's Armour      Ice            63%        N/A       1%          3
d - Airstrike             Air            23%        2d(4-20)  2%          4
e - Hailstorm             Conj/Ice       62%        3d13      2%          4
f - Lightning Bolt        Conj/Air       22%        1d38      7%          5

Your spell library contained the following spells:

 Spells                   Type           Power      Damage    Failure   Level
 Poisonous Vapours        Pois/Air       56%        N/A       1%          2
 Static Discharge         Conj/Air       45%        3-9/arc   1%          2
 Dispel Undead            Necr           10%        3d9       52%         4
 Conjure Ball Lightning   Conj/Air       22%        3x3d6     36%         6
 Ozocubu's Refrigeration  Ice            31%        4d14      88%         7
 Storm Form               Tmut/Air       14%        N/A       100%        7
 Maxwell's Capacitive Co  Air            23%        ∞         100%        8


Dungeon Overview and Level Annotations

Branches:
Dungeon (6/15) Zot: 26400  Temple (1/1) D:6 Zot: 5982   Sewer (visited)

Altars:
Ashenzari
Dithmenos
Fedhas
Kikubaaqudgha
Makhleb
Okawaru
Sif Muna
Vehumet
Wu Jian
Xom
Yredelemnul
Zin


Message History

A bat is nearby!
The bat hits you.
You take 1 damage, and have 35/36 hp.
You hit the bat.
The bat is moderately wounded.
The bat hits you. The bat barely misses you.
Casting: Freeze (safe; 1% risk of failure)
Confirm with . or Enter, or press ? or * to list all spells.
Aiming: Freeze (safe; 1% risk of failure)
Press: ? - help, Shift-Dir - straight line, f - bat
Aim: a bat (moderately wounded)
You feel a surge of power!
You freeze the bat!
You kill the bat!
You now have 21/22 mp.
You see here a bat corpse.
HP restored.
Found a kite shield.
Health restored: 36; MP restored: 22 A goblin comes into view.
It is wielding a +0 dagger.
Found a yellow potion and a book of Lightning.
Casting: Freeze (safe; 1% risk of failure)
Confirm with . or Enter, or press ? or * to list all spells.
Aiming: Freeze (safe; 1% risk of failure)
Press: ? - help, Shift-Dir - straight line, f - goblin
Aim: a goblin, wielding a +0 dagger (asleep)
You feel a surge of power!
You freeze the goblin!
You kill the goblin!
You now have 21/22 mp.
Found 6 stones.
You pick up a book of Lightning and begin reading...
You add the spells Static Discharge, Lightning Bolt and Maxwell's Capacitive Coupling to your library.
w - a yellow potion MP restored: 22 This spell is quite dangerous to cast!
Memorise Lightning Bolt, consuming 5 spell levels and leaving 5?
You start memorising the spell.
You continue memorising. x5
You finish memorising.
Spell assigned to 'f'.
You see here a +0 kite shield.
x - a purple potion Are you sure you want to abandon this character and quit the game? (Confirm with "yes".)

.)....##...(##......##.#~.~#.....
.....#.##..##.#.....##.#~~~#.....
....#.#.####.#.#....##.#~~~#.....
....##.#....#.##....##.#####.....
...#. #......##.#................
..#.#..........#.#..#..##........
.. # ...........##..............#
.............#..## #########
...........@....#
#################


There were no monsters in sight!

Vanquished Creatures
  3 kobold brigands (Sewer)
  A necrophage (D:6)
  2 centaur zombies (D:4)
  A hound (D:4)
  An orc priest (D:6)
  A scorpion zombie (D:4)
  8 adders
  8 river rats (Sewer)
  An adder skeleton (D:4)
  A worm (D:2)
  A dart slug (D:2)
  3 orcs
  3 endoplasms
  5 giant cockroaches
  7 hobgoblins
  3 quokkas
  8 ball pythons
  8 bats
  3 frilled lizards
  7 goblins
  14 kobolds
  25 rats
114 creatures vanquished.

Notes
Turn   | Place    | Note
-------+----------+-------------------------------------------
     0 | D:1      | Psyclone the Deep Elf Ice Elementalist began the quest for
                  | the Orb.
     0 | D:1      | Reached XP level 1. HP: 10/10 MP: 6/6
    46 | D:1      | Identified a scroll of acquirement
    46 | D:1      | Acquired the Compilation of Electric Malignant Mysteries
   341 | D:1      | Reached XP level 2. HP: 12/15 MP: 4/8
   447 | D:1      | Reached skill level 5 in Ice Magic
  1057 | D:2      | Found a basalt altar of Yredelemnul.
  1218 | D:2      | Reached XP level 3. HP: 14/19 MP: 5/9
  1614 | D:2      | Learned a level 3 spell: Frozen Ramparts
  1618 | D:2      | Learned a level 3 spell: Ozocubu's Armour
  2063 | D:2      | Found a faded altar of an unknown god.
  2100 | D:2      | Reached XP level 4. HP: 22/24 MP: 8/10
  2404 | D:3      | Found a glowing drain.
  2461 | Sewer    | Entered a sewer
  2557 | Sewer    | Noticed a kobold brigand
  2563 | Sewer    | Killed a kobold brigand
  2564 | Sewer    | Reached XP level 5. HP: 25/28 MP: 1/11
  3268 | Sewer    | Reached XP level 6. HP: 32/32 MP: 7/12
  3268 | Sewer    | Reached skill level 9 in Spellcasting
  3268 | Sewer    | Reached XP level 7. HP: 36/36 MP: 7/22
  3982 | D:3      | You fall into a shaft and drop 3 floors!
  4114 | D:6      | Found a staircase to the Ecumenical Temple.
  4127 | Temple   | Entered the Ecumenical Temple
  4132 | Temple   | Became a worshipper of Ashenzari the Shackled
  4170 | D:5      | Entered Level 5 of the Dungeon
  4405 | D:4      | Learned a level 4 spell: Airstrike
  4410 | D:4      | Learned a level 4 spell: Hailstorm
  4926 | D:3      | Learned a level 5 spell: Lightning Bolt
  4948 | D:3      | Quit the game

Illustrated notes

Levels and vault maps discovered:
D:1:      minmay_arrival_open_corners, layout_basic, serial_glass,
          glass_columns_c, glass_columns_a, minmay_tree_intersection
D:2:      layout_loops_corners, basic_altar, ebering_ecumenical_altar_hall
D:3:      layout_basic, gup_sewer_entry_glass, minmay_misc_feat_secret_circle
D:4:      wander_river, layout_rooms, yredelemnul_forgotten_temple_becter,
          lemuel_coloured_pillars_altar, mainiacjoe_overflow_alcove_2,
          serial_undead, serial_undead_e, serial_undead_b, serial_undead_c,
          serial_undead_a
D:5:      layout_layer_cave, nicolae_qazlal_style_of_elements, serial_rivers,
          chequers_serial_rivers_room_a, chequers_serial_rivers_room_b,
          chequers_serial_rivers_small_b, chequers_serial_rivers_small_3,
          chequers_serial_rivers_small_3, serial_shops, nicolae_lakefront_shop
D:6:      layout_loops_corners, temple_hall, uniq_edmund,
          uniq_crazy_yiuf_cottage, uniq_menkaure
Temple:   minmay_freezing_vapour_temple

Skill      XL: |  1  2  3  4  5  6 |
---------------+-------------------+-----
Ice Magic      | 5 6 7 8 |  8.0
Spellcasting   | 9 |  9.9
Conjurations   | 7 |  7.8
Air Magic      | 7 |  7.9
Dodging        | |  2.4
Stealth        | |  2.4

Action                   |  1- 3 |  4- 6 |  7- 9 || total
-------------------------+-------+-------+-------++-------
Melee: Staff             |     7 |     4 |    43 ||    54
 Cast: Freeze            |    48 |    15 |    25 ||    88
       Frozen Ramparts   |     3 |    10 |    14 ||    27
       Ozocubu's Armour  |       |     3 |     6 ||     9
  Use: Scroll            |     1 |       |       ||     1
       Potion            |       |     1 |       ||     1
Armor: Robe              |    14 |    10 |    52 ||    76
Dodge: Dodged            |    30 |    13 |    65 ||   108
